[ AOE2 MATCH · #484047465 ]
UnrankedBerbers vs Lithuanians
[ REPLAY ANALYSIS · EXTRACTED FROM THE RECORDED GAME ]
Feudal
11:40
Castle
—
Imperial
—
| APM avg | 36.6 |
| APM peak | 64 |
| eAPM avg | 12.0 |
| Villagers / military | 43 / 5 |
Focus
⚔️ 36.3% · 🌾 63.7%
Scout Cavalry ×5
Feudal
11:06
Castle
15:25
Imperial
—
| APM avg | 33.7 |
| APM peak | 78 |
| eAPM avg | 13.6 |
| Villagers / military | 60 / 5 |
Focus
⚔️ 19.0% · 🌾 81.0%
Archer ×5
Feudal
8:52
Castle
19:05
Imperial
—
| APM avg | 72.1 |
| APM peak | 140 |
| eAPM avg | 35.4 |
| Villagers / military | 44 / 11 |
Focus
⚔️ 68.1% · 🌾 31.9%
Knight ×6 · Scout Cavalry ×5
Feudal
11:02
Castle
15:01
Imperial
—
| APM avg | 22.3 |
| APM peak | 47 |
| eAPM avg | 11.1 |
| Villagers / military | 48 / 0 |
Focus
⚔️ 10.1% · 🌾 89.9%
Feudal
10:41
Castle
—
Imperial
—
| APM avg | 39.9 |
| APM peak | 76 |
| eAPM avg | 17.2 |
| Villagers / military | 34 / 19 |
Focus
⚔️ 32.8% · 🌾 67.2%
Skirmisher ×13 · Archer ×4 · Spearman ×2
Feudal
9:18
Castle
—
Imperial
—
| APM avg | 39.7 |
| APM peak | 78 |
| eAPM avg | 13.7 |
| Villagers / military | 41 / 16 |
Focus
⚔️ 36.3% · 🌾 63.7%
Archer ×15 · Spearman ×1
Feudal
11:22
Castle
18:56
Imperial
—
| APM avg | 32.7 |
| APM peak | 69 |
| eAPM avg | 12.7 |
| Villagers / military | 53 / 0 |
Focus
⚔️ 25.1% · 🌾 74.9%
Feudal
9:35
Castle
—
Imperial
—
| APM avg | 29.3 |
| APM peak | 71 |
| eAPM avg | 14.0 |
| Villagers / military | 43 / 8 |
Focus
⚔️ 23.9% · 🌾 76.1%
Militia ×8
Match map
Initial resources + every placement click. Lines = walls · curves = elevation contours. ◆ gold · ⬟ stone · ● berries · ✦ relic · ◌ wall gap
Your base· Open — unwalled flank
kiddingfff's base· ✓ Closed at 15:25 · 0t walls · no gate
折鸿梦影's base· ✓ Closed at 19:05 · 0t walls · no gate
945100118's base· ✓ Closed at 15:01 · 25t walls · 1 gate(s)
aWin's base· ✓ Closed at 20:38 · 53t walls · 2 gate(s)
YELLOW's base· Open — unwalled flank
久久's base· ✓ Closed at 18:56 · 47t walls · 1 gate(s)
马大帅's base· ✓ Closed at 20:03 · 0t walls · no gate
Smoothed initial terrain · ◌ = detected wall gap · hover for details
Inputs per minute
— 墨o逍遙 - - kiddingfff
Build order — 墨o逍遙
97 actions detected in the replay
| 0:02 | Create | Villager (Male) ×4 |
| 0:03 | Build | House |
| 0:06 | Build | House |
| 1:27 | Create | Villager (Male) |
| 1:27 | Create | Villager (Male) |
| 1:27 | Create | Villager (Male) |
| 2:06 | Create | Villager (Male) |
| 2:07 | Create | Villager (Male) |
| 2:48 | Create | Villager (Male) |
| 2:48 | Create | Villager (Male) |
| 2:49 | Create | Villager (Male) |
| 2:50 | Create | Villager (Male) |
| 3:06 | Build | Lumber Camp |
| 3:14 | Create | Villager (Male) |
| 3:14 | Create | Villager (Male) |
| 3:44 | Research | Loom |
| 4:02 | Build | House |
| 4:03 | Build | Palisade Wall |
| 4:14 | Create | Villager (Male) |
| 4:34 | Create | Villager (Male) |
| 4:34 | Create | Villager (Male) |
| 5:13 | Create | Villager (Male) |
| 5:33 | Build | House |
| 5:37 | Build | Palisade Wall |
| 5:46 | Create | Villager (Male) |
| 5:46 | Create | Villager (Male) |
| 6:00 | Build | House |
| 6:03 | Build | Palisade Wall |
| 6:06 | Build | House |
| 6:30 | Create | Villager (Male) |
| 6:30 | Create | Villager (Male) |
| 6:30 | Create | Villager (Male) |
| 6:40 | Create | Villager (Male) |
| 6:40 | Create | Villager (Male) |
| 6:40 | Create | Villager (Male) |
| 6:41 | Create | Villager (Male) |
| 6:41 | Create | Villager (Male) |
| 6:57 | Build | Barracks |
| 7:33 | Create | Villager (Male) |
| 7:33 | Create | Villager (Male) |
| 7:57 | Build | Mining Camp |
| 8:17 | Build | House |
| 8:27 | Create | Villager (Male) |
| 8:43 | Build | Palisade Wall |
| 8:46 | Build | House |
| 8:48 | Create | Villager (Male) |
| 9:04 | Create | Villager (Male) |
| 9:25 | Build | Mill |
| 9:30 | Research | Feudal Age |
| 9:30 | Research | Feudal Age |
| 9:51 | Build | Palisade Gate |
| 10:02 | Build | Farm |
| 10:39 | Build | Farm |
| 11:40 | Age | Feudal Age |
| 11:42 | Create | Villager (Male) |
| 11:42 | Create | Villager (Male) |
| 11:53 | Build | Stable |
| 11:57 | Build | House |
| 11:59 | Create | Villager (Male) |
| 12:13 | Create | Villager (Male) |
| 12:37 | Build | Farm |
| 12:47 | Build | Farm |
| 13:03 | Build | Blacksmith |
| 13:12 | Build | Farm |
| 13:26 | Create | Villager (Male) |
| 13:27 | Create | Villager (Male) |
| 13:33 | Build | Farm |
| 13:36 | Create | Villager (Male) |
| 13:47 | Build | House |
| 13:50 | Create | Scout Cavalry |
| 13:51 | Create | Scout Cavalry |
| 14:08 | Research | Scale Barding Armor |
| 14:35 | Build | Farm |
| 14:49 | Build | House |
| 14:55 | Research | Bloodlines |
| 14:57 | Create | Scout Cavalry |
| 14:59 | Create | Villager (Male) |
| 15:02 | Build | Farm |
| 15:04 | Research | Horse Collar |
| 15:27 | Research | Double-Bit Axe |
| 15:28 | Research | Double-Bit Axe |
| 15:28 | Research | Double-Bit Axe |
| 15:53 | Build | Stone Wall |
| 16:25 | Create | Scout Cavalry |
| 16:50 | Build | Gate |
| 16:59 | Create | Scout Cavalry |
| 17:13 | Build | Stone Wall |
| 17:50 | Build | Watch Tower |
| 17:53 | Build | Mining Camp |
| 18:01 | Research | Wheelbarrow |
| 18:11 | Build | Stone Wall |
| 18:17 | Build | Farm |
| 18:17 | Build | Farm |
| 18:17 | Build | Farm |
| 18:19 | Create | Villager (Male) |
| 19:50 | Build | Mining Camp |
| 19:56 | Build | Lumber Camp |
Build order — kiddingfff
113 actions detected in the replay
| 0:04 | Build | House |
| 0:07 | Build | House |
| 0:07 | Create | Villager (Male) |
| 0:07 | Create | Villager (Male) |
| 0:08 | Create | Villager (Male) |
| 0:08 | Create | Villager (Male) |
| 0:08 | Create | Villager (Male) |
| 1:16 | Create | Villager (Male) |
| 1:16 | Create | Villager (Male) |
| 1:17 | Create | Villager (Male) |
| 2:41 | Create | Villager (Male) |
| 2:41 | Create | Villager (Male) |
| 2:42 | Create | Villager (Male) |
| 2:52 | Create | Villager (Male) |
| 2:53 | Create | Villager (Male) |
| 2:53 | Create | Villager (Male) |
| 2:53 | Create | Villager (Male) |
| 3:07 | Create | Villager (Male) |
| 3:07 | Create | Villager (Male) |
| 3:44 | Build | Lumber Camp |
| 3:46 | Create | Villager (Male) |
| 3:46 | Create | Villager (Male) |
| 3:46 | Create | Villager (Male) |
| 3:52 | Build | House |
| 4:09 | Create | Villager (Male) |
| 4:25 | Create | Villager (Male) |
| 4:25 | Create | Villager (Male) |
| 5:14 | Create | Villager (Male) |
| 5:14 | Create | Villager (Male) |
| 5:21 | Create | Villager (Male) |
| 5:21 | Create | Villager (Male) |
| 6:04 | Create | Villager (Male) |
| 6:04 | Create | Villager (Male) |
| 6:24 | Create | Villager (Male) |
| 6:25 | Create | Villager (Male) |
| 6:25 | Create | Villager (Male) |
| 6:25 | Create | Villager (Male) |
| 6:25 | Create | Villager (Male) |
| 6:36 | Build | House |
| 6:57 | Create | Villager (Male) |
| 7:07 | Build | Mill |
| 7:12 | Create | Villager (Male) |
| 7:12 | Create | Villager (Male) |
| 7:12 | Create | Villager (Male) |
| 7:13 | Create | Villager (Male) |
| 8:55 | Research | Feudal Age |
| 8:55 | Research | Feudal Age |
| 9:02 | Build | Mining Camp |
| 9:45 | Build | House |
| 11:03 | Create | Villager (Male) |
| 11:06 | Age | Feudal Age |
| 11:39 | Create | Villager (Male) |
| 11:43 | Create | Villager (Male) |
| 11:55 | Build | Market |
| 12:00 | Build | Blacksmith |
| 12:45 | Research | Castle Age |
| 13:05 | Build | Lumber Camp |
| 13:20 | Create | Villager (Male) |
| 13:49 | Research | Double-Bit Axe |
| 13:53 | Research | Horse Collar |
| 14:05 | Research | Gold Mining |
| 14:19 | Build | House |
| 14:46 | Build | Farm |
| 14:46 | Build | Farm |
| 14:47 | Build | Farm |
| 14:47 | Build | Farm |
| 14:47 | Build | Farm |
| 14:53 | Create | Villager (Male) |
| 14:53 | Create | Villager (Male) |
| 15:25 | Age | Castle Age |
| 15:58 | Build | Town Center |
| 16:05 | Build | Farm |
| 16:05 | Build | Farm |
| 16:31 | Build | Barracks |
| 16:42 | Create | Villager (Male) |
| 16:45 | Create | Villager (Male) |
| 17:08 | Create | Villager (Male) |
| 17:10 | Build | Farm |
| 17:28 | Create | Villager (Male) |
| 17:35 | Build | Farm |
| 17:36 | Build | Farm |
| 17:36 | Build | Farm |
| 17:36 | Build | Farm |
| 17:40 | Build | Farm |
| 17:43 | Create | Villager (Male) |
| 17:55 | Build | Farm |
| 18:00 | Create | Villager (Male) |
| 18:04 | Create | Villager (Male) |
| 18:22 | Build | Archery Range |
| 18:34 | Build | Farm |
| 18:34 | Build | Farm |
| 18:37 | Create | Villager (Male) |
| 18:56 | Research | Bow Saw |
| 19:00 | Build | House |
| 19:01 | Build | House |
| 19:09 | Create | Archer |
| 19:09 | Create | Archer |
| 19:13 | Create | Villager (Male) |
| 19:16 | Create | Villager (Male) |
| 19:18 | Build | Farm |
| 19:34 | Create | Archer |
| 19:34 | Create | Archer |
| 19:40 | Create | Villager (Male) |
| 19:47 | Create | Villager (Male) |
| 19:48 | Research | Padded Archer Armor |
| 19:51 | Research | Fletching |
| 19:54 | Create | Villager (Male) |
| 20:24 | Create | Archer |
| 20:27 | Build | Archery Range |
| 20:29 | Create | Villager (Male) |
| 20:30 | Create | Villager (Male) |
| 20:34 | Build | Farm |
| 20:34 | Build | Farm |
Build order — 折鸿梦影
127 actions detected in the replay
| 0:00 | Create | Villager (Male) |
| 0:00 | Create | Villager (Male) |
| 0:00 | Create | Villager (Male) |
| 0:02 | Build | House |
| 0:05 | Build | House |
| 0:20 | Create | Villager (Male) |
| 0:20 | Create | Villager (Male) |
| 0:20 | Create | Villager (Male) |
| 1:30 | Create | Villager (Male) |
| 2:13 | Create | Villager (Male) |
| 2:13 | Create | Villager (Male) |
| 2:27 | Create | Villager (Male) |
| 2:27 | Create | Villager (Male) |
| 3:07 | Create | Villager (Male) |
| 3:07 | Create | Villager (Male) |
| 3:14 | Create | Villager (Male) |
| 3:37 | Build | House |
| 4:08 | Create | Villager (Male) |
| 4:08 | Create | Villager (Male) |
| 4:08 | Create | Villager (Male) |
| 4:25 | Build | Lumber Camp |
| 4:33 | Create | Villager (Male) |
| 4:33 | Create | Villager (Male) |
| 4:38 | Build | House |
| 5:01 | Research | Loom |
| 5:02 | Research | Loom |
| 5:49 | Build | House |
| 6:21 | Build | Mill |
| 6:42 | Research | Feudal Age |
| 6:42 | Research | Feudal Age |
| 6:42 | Research | Feudal Age |
| 6:57 | Create | Villager (Male) |
| 6:57 | Create | Villager (Male) |
| 8:07 | Build | House |
| 8:08 | Build | Barracks |
| 8:52 | Age | Feudal Age |
| 8:52 | Research | Double-Bit Axe |
| 8:52 | Research | Double-Bit Axe |
| 9:05 | Create | Villager (Male) |
| 9:05 | Create | Villager (Male) |
| 9:23 | Build | Stable |
| 9:48 | Build | House |
| 9:56 | Create | Villager (Male) |
| 10:06 | Create | Scout Cavalry |
| 10:11 | Research | Horse Collar |
| 10:11 | Research | Horse Collar |
| 10:12 | Create | Villager (Male) |
| 10:21 | Build | Farm |
| 10:29 | Create | Scout Cavalry |
| 10:39 | Build | Farm |
| 10:46 | Create | Villager (Male) |
| 10:52 | Build | House |
| 10:55 | Build | Farm |
| 11:11 | Create | Scout Cavalry |
| 11:14 | Build | House |
| 11:21 | Create | Villager (Male) |
| 11:25 | Build | Farm |
| 11:36 | Build | Farm |
| 11:40 | Create | Villager (Male) |
| 11:54 | Build | Farm |
| 12:00 | Create | Villager (Male) |
| 12:17 | Build | Farm |
| 12:17 | Create | Scout Cavalry |
| 12:30 | Create | Villager (Male) |
| 12:39 | Build | Farm |
| 12:43 | Create | Villager (Male) |
| 12:51 | Create | Scout Cavalry |
| 13:04 | Build | Farm |
| 13:20 | Create | Villager (Male) |
| 13:28 | Build | Mining Camp |
| 13:31 | Build | Farm |
| 13:35 | Create | Villager (Male) |
| 13:55 | Build | Farm |
| 14:04 | Build | House |
| 14:08 | Create | Villager (Male) |
| 14:09 | Create | Villager (Male) |
| 14:10 | Research | Wheelbarrow |
| 14:10 | Research | Wheelbarrow |
| 14:26 | Build | Farm |
| 16:00 | Build | Blacksmith |
| 16:19 | Build | Farm |
| 16:20 | Build | Farm |
| 16:21 | Create | Villager (Male) |
| 16:21 | Create | Villager (Male) |
| 16:22 | Build | Farm |
| 16:25 | Research | Castle Age |
| 16:26 | Research | Castle Age |
| 16:26 | Research | Castle Age |
| 16:31 | Build | Farm |
| 17:31 | Research | Forging |
| 17:31 | Research | Forging |
| 17:31 | Research | Scale Barding Armor |
| 17:31 | Research | Scale Barding Armor |
| 17:32 | Research | Bloodlines |
| 17:32 | Research | Bloodlines |
| 17:49 | Build | Farm |
| 17:49 | Build | Farm |
| 18:22 | Create | Villager (Male) |
| 18:39 | Build | Stable |
| 19:05 | Age | Castle Age |
| 19:06 | Research | Bow Saw |
| 19:06 | Research | Bow Saw |
| 19:06 | Research | Bow Saw |
| 19:06 | Research | Bow Saw |
| 19:07 | Research | Gold Mining |
| 19:16 | Create | Knight |
| 19:16 | Create | Knight |
| 19:16 | Create | Villager (Male) |
| 19:17 | Research | Husbandry |
| 19:17 | Research | Husbandry |
| 19:17 | Research | Husbandry |
| 19:20 | Research | Heavy Plow |
| 19:20 | Research | Heavy Plow |
| 19:20 | Research | Heavy Plow |
| 19:50 | Create | Villager (Male) |
| 19:54 | Create | Knight |
| 19:59 | Create | Villager (Male) |
| 20:03 | Build | House |
| 20:10 | Create | Knight |
| 20:18 | Build | House |
| 20:24 | Build | Town Center |
| 20:41 | Create | Villager (Male) |
| 20:45 | Create | Knight |
| 20:46 | Create | Knight |
| 20:48 | Create | Villager (Male) |
| 20:55 | Build | Farm |
| 20:59 | Create | Villager (Male) |
Build order — 945100118
91 actions detected in the replay
| 0:01 | Create | Villager (Male) |
| 0:02 | Create | Villager (Male) |
| 0:02 | Create | Villager (Male) |
| 0:04 | Build | House |
| 0:06 | Build | House |
| 0:06 | Create | Villager (Male) |
| 0:07 | Create | Villager (Male) |
| 1:28 | Create | Villager (Male) |
| 1:29 | Create | Villager (Male) |
| 2:19 | Create | Villager (Male) |
| 2:19 | Create | Villager (Male) |
| 2:30 | Build | Lumber Camp |
| 2:55 | Create | Villager (Male) |
| 3:09 | Create | Villager (Male) |
| 3:09 | Create | Villager (Male) |
| 4:04 | Build | House |
| 4:06 | Build | House |
| 4:17 | Create | Villager (Male) |
| 4:17 | Create | Villager (Male) |
| 4:17 | Create | Villager (Male) |
| 4:42 | Create | Villager (Male) |
| 4:42 | Create | Villager (Male) |
| 5:26 | Build | Mill |
| 5:49 | Create | Villager (Male) |
| 5:50 | Create | Villager (Male) |
| 6:47 | Create | Villager (Male) |
| 6:47 | Create | Villager (Male) |
| 6:47 | Create | Villager (Male) |
| 6:48 | Create | Villager (Male) |
| 7:19 | Create | Villager (Male) |
| 7:19 | Create | Villager (Male) |
| 7:20 | Create | Villager (Male) |
| 7:20 | Create | Villager (Male) |
| 8:52 | Research | Feudal Age |
| 10:18 | Build | Lumber Camp |
| 10:41 | Build | House |
| 11:02 | Create | Villager (Male) |
| 11:02 | Create | Villager (Male) |
| 11:02 | Age | Feudal Age |
| 11:10 | Build | Market |
| 11:17 | Create | Villager (Male) |
| 11:42 | Build | Blacksmith |
| 12:21 | Research | Castle Age |
| 12:22 | Research | Castle Age |
| 12:29 | Build | Mining Camp |
| 12:45 | Build | House |
| 13:14 | Build | House |
| 13:16 | Build | House |
| 13:25 | Build | House |
| 13:26 | Build | House |
| 13:32 | Build | Palisade Wall |
| 13:56 | Build | Palisade Gate |
| 14:01 | Build | House |
| 14:08 | Build | Palisade Wall |
| 14:12 | Create | Villager (Male) |
| 14:12 | Create | Villager (Male) |
| 14:28 | Build | Farm |
| 14:28 | Build | Farm |
| 14:28 | Build | Farm |
| 14:29 | Build | Farm |
| 14:30 | Build | Farm |
| 14:36 | Build | Farm |
| 14:47 | Build | Palisade Wall |
| 14:50 | Build | Palisade Wall |
| 14:56 | Create | Villager (Male) |
| 15:01 | Age | Castle Age |
| 15:19 | Create | Villager (Male) |
| 15:19 | Create | Villager (Male) |
| 15:28 | Build | Town Center |
| 15:59 | Create | Villager (Male) |
| 16:00 | Create | Villager (Male) |
| 16:40 | Create | Villager (Male) |
| 16:40 | Create | Villager (Male) |
| 17:02 | Build | Town Center |
| 17:09 | Create | Villager (Male) |
| 17:09 | Create | Villager (Male) |
| 18:18 | Build | House |
| 18:24 | Create | Villager (Male) |
| 18:24 | Create | Villager (Male) |
| 18:24 | Create | Villager (Male) |
| 18:29 | Create | Villager (Male) |
| 18:29 | Create | Villager (Male) |
| 19:04 | Create | Villager (Male) |
| 19:04 | Create | Villager (Male) |
| 19:12 | Build | Farm |
| 19:12 | Build | Farm |
| 19:12 | Build | Farm |
| 19:13 | Build | Farm |
| 19:13 | Build | Farm |
| 19:14 | Build | Farm |
| 19:15 | Build | Farm |
Build order — aWin
103 actions detected in the replay
| 0:07 | Create | Villager (Male) |
| 0:08 | Create | Villager (Male) |
| 0:08 | Create | Villager (Male) |
| 0:08 | Create | Villager (Male) |
| 0:08 | Create | Villager (Male) |
| 0:09 | Create | Villager (Male) |
| 0:14 | Build | House |
| 0:16 | Build | House |
| 0:24 | Build | House |
| 1:04 | Build | Lumber Camp |
| 1:45 | Create | Villager (Male) |
| 2:56 | Create | Villager (Male) |
| 2:57 | Create | Villager (Male) |
| 3:49 | Build | House |
| 3:53 | Build | Palisade Wall |
| 3:59 | Build | Palisade Wall |
| 4:01 | Create | Villager (Male) |
| 4:02 | Create | Villager (Male) |
| 4:41 | Create | Villager (Male) |
| 4:41 | Create | Villager (Male) |
| 4:41 | Create | Villager (Male) |
| 4:42 | Create | Villager (Male) |
| 5:20 | Create | Villager (Male) |
| 5:21 | Create | Villager (Male) |
| 5:55 | Build | Mill |
| 6:03 | Build | House |
| 6:15 | Build | House |
| 6:57 | Create | Villager (Male) |
| 6:58 | Create | Villager (Male) |
| 7:09 | Create | Villager (Male) |
| 7:38 | Build | Barracks |
| 7:39 | Build | Palisade Wall |
| 7:53 | Create | Villager (Male) |
| 7:53 | Create | Villager (Male) |
| 8:38 | Research | Feudal Age |
| 8:38 | Research | Feudal Age |
| 9:19 | Build | Mining Camp |
| 9:27 | Build | Palisade Gate |
| 9:30 | Build | Palisade Wall |
| 10:41 | Age | Feudal Age |
| 10:53 | Create | Villager (Male) |
| 10:54 | Create | Villager (Male) |
| 11:15 | Build | Farm |
| 11:19 | Build | Farm |
| 11:25 | Create | Spearman |
| 11:26 | Create | Spearman |
| 12:01 | Build | Archery Range |
| 12:15 | Build | House |
| 12:24 | Create | Villager (Male) |
| 12:25 | Create | Villager (Male) |
| 12:25 | Create | Villager (Male) |
| 12:55 | Create | Villager (Male) |
| 12:55 | Create | Villager (Male) |
| 13:01 | Build | Mining Camp |
| 13:08 | Create | Villager (Male) |
| 13:16 | Create | Archer |
| 13:17 | Create | Archer |
| 13:25 | Create | Archer |
| 13:25 | Create | Archer |
| 13:54 | Build | Stone Wall |
| 13:54 | Build | Stone Wall |
| 14:08 | Create | Skirmisher |
| 14:08 | Create | Skirmisher |
| 14:08 | Create | Skirmisher |
| 14:33 | Build | Stone Wall |
| 14:35 | Build | Stone Wall |
| 14:40 | Build | Stone Wall |
| 14:43 | Build | Gate |
| 14:51 | Create | Villager (Male) |
| 14:51 | Create | Villager (Male) |
| 14:55 | Build | Farm |
| 14:58 | Build | Farm |
| 14:58 | Build | Farm |
| 14:59 | Build | Farm |
| 15:23 | Build | House |
| 15:39 | Build | House |
| 15:46 | Build | Farm |
| 15:48 | Build | Farm |
| 15:59 | Build | House |
| 16:21 | Create | Skirmisher |
| 16:21 | Create | Skirmisher |
| 16:38 | Build | Farm |
| 17:00 | Create | Skirmisher |
| 17:00 | Create | Skirmisher |
| 17:01 | Create | Skirmisher |
| 17:01 | Create | Skirmisher |
| 17:47 | Build | Blacksmith |
| 18:10 | Create | Skirmisher |
| 18:11 | Create | Villager (Male) |
| 18:11 | Create | Villager (Male) |
| 18:13 | Build | Farm |
| 18:25 | Build | Lumber Camp |
| 18:46 | Build | House |
| 18:47 | Build | House |
| 18:48 | Build | House |
| 19:34 | Research | Loom |
| 19:34 | Research | Loom |
| 20:36 | Build | Market |
| 20:38 | Research | Castle Age |
| 20:38 | Research | Castle Age |
| 20:41 | Create | Skirmisher |
| 20:41 | Create | Skirmisher |
| 20:41 | Create | Skirmisher |
Build order — YELLOW
102 actions detected in the replay
| 0:00 | Create | Villager (Male) |
| 0:01 | Create | Villager (Male) |
| 0:02 | Build | House |
| 0:04 | Build | House |
| 0:10 | Create | Villager (Male) |
| 0:10 | Create | Villager (Male) |
| 1:23 | Create | Villager (Male) |
| 1:48 | Build | Lumber Camp |
| 2:00 | Create | Villager (Male) |
| 2:19 | Create | Villager (Male) |
| 2:47 | Create | Villager (Male) |
| 2:57 | Build | House |
| 3:13 | Create | Villager (Male) |
| 3:34 | Create | Villager (Male) |
| 3:52 | Create | Villager (Male) |
| 4:21 | Build | Mill |
| 4:35 | Create | Villager (Male) |
| 4:35 | Create | Villager (Male) |
| 5:09 | Create | Villager (Male) |
| 5:39 | Create | Villager (Male) |
| 6:08 | Create | Villager (Male) |
| 6:30 | Research | Loom |
| 7:08 | Research | Feudal Age |
| 7:51 | Build | House |
| 8:29 | Create | Villager (Male) |
| 8:34 | Build | Barracks |
| 8:58 | Create | Villager (Male) |
| 9:03 | Build | Mining Camp |
| 9:18 | Age | Feudal Age |
| 9:30 | Build | Archery Range |
| 9:33 | Build | House |
| 9:44 | Research | Double-Bit Axe |
| 9:54 | Create | Villager (Male) |
| 10:31 | Create | Villager (Male) |
| 10:31 | Create | Villager (Male) |
| 10:37 | Create | Archer |
| 10:37 | Create | Archer |
| 10:49 | Build | Blacksmith |
| 10:56 | Create | Villager (Male) |
| 11:02 | Create | Archer |
| 11:30 | Create | Villager (Male) |
| 11:40 | Research | Fletching |
| 12:05 | Build | Palisade Wall |
| 12:17 | Build | Farm |
| 12:20 | Create | Archer |
| 12:20 | Create | Archer |
| 12:27 | Create | Villager (Male) |
| 12:27 | Create | Villager (Male) |
| 12:28 | Create | Villager (Male) |
| 12:34 | Build | House |
| 12:41 | Create | Villager (Male) |
| 12:45 | Research | Wheelbarrow |
| 12:54 | Create | Villager (Male) |
| 13:13 | Create | Archer |
| 13:14 | Create | Archer |
| 13:18 | Create | Spearman |
| 13:49 | Build | Farm |
| 13:49 | Build | Farm |
| 13:49 | Build | Farm |
| 13:49 | Build | Farm |
| 13:50 | Build | Farm |
| 14:09 | Create | Archer |
| 14:29 | Create | Villager (Male) |
| 14:30 | Create | Villager (Male) |
| 14:30 | Create | Villager (Male) |
| 14:30 | Create | Villager (Male) |
| 14:32 | Build | Farm |
| 14:33 | Build | Farm |
| 14:34 | Build | Farm |
| 14:47 | Build | House |
| 14:49 | Build | House |
| 15:02 | Create | Villager (Male) |
| 15:07 | Build | House |
| 15:08 | Build | House |
| 15:44 | Build | Lumber Camp |
| 15:54 | Create | Villager (Male) |
| 16:15 | Build | Watch Tower |
| 16:22 | Build | Farm |
| 16:50 | Build | House |
| 16:56 | Create | Villager (Male) |
| 16:56 | Create | Villager (Male) |
| 17:06 | Build | Farm |
| 17:13 | Build | Farm |
| 17:16 | Build | Farm |
| 17:24 | Create | Villager (Male) |
| 17:32 | Build | Farm |
| 17:35 | Build | Farm |
| 17:51 | Create | Archer |
| 17:51 | Create | Archer |
| 17:51 | Create | Archer |
| 17:51 | Create | Archer |
| 17:52 | Create | Archer |
| 17:53 | Create | Villager (Male) |
| 17:53 | Create | Villager (Male) |
| 18:17 | Build | Palisade Wall |
| 18:22 | Build | Farm |
| 18:52 | Build | Market |
| 18:56 | Build | House |
| 19:12 | Create | Villager (Male) |
| 19:13 | Create | Villager (Male) |
| 19:17 | Create | Archer |
| 19:17 | Create | Archer |
Build order — 久久
90 actions detected in the replay
| 0:02 | Research | Loom |
| 1:09 | Create | Villager (Male) |
| 1:09 | Create | Villager (Male) |
| 1:42 | Create | Villager (Male) |
| 1:42 | Create | Villager (Male) |
| 1:49 | Build | Lumber Camp |
| 2:15 | Create | Villager (Male) |
| 2:16 | Create | Villager (Male) |
| 2:45 | Create | Villager (Male) |
| 2:45 | Create | Villager (Male) |
| 3:23 | Create | Villager (Male) |
| 3:23 | Create | Villager (Male) |
| 3:59 | Build | House |
| 4:09 | Build | House |
| 4:40 | Build | Mill |
| 4:57 | Build | House |
| 5:02 | Create | Villager (Male) |
| 5:03 | Create | Villager (Male) |
| 5:03 | Create | Villager (Male) |
| 5:21 | Create | Villager (Male) |
| 5:21 | Create | Villager (Male) |
| 5:23 | Build | House |
| 6:14 | Create | Villager (Male) |
| 6:17 | Create | Villager (Male) |
| 6:19 | Create | Villager (Male) |
| 7:04 | Create | Villager (Male) |
| 7:48 | Create | Villager (Male) |
| 7:59 | Create | Villager (Male) |
| 8:17 | Create | Villager (Male) |
| 8:32 | Build | Mining Camp |
| 8:53 | Create | Villager (Male) |
| 8:58 | Create | Villager (Male) |
| 9:10 | Research | Feudal Age |
| 9:29 | Create | Villager (Male) |
| 9:29 | Create | Villager (Male) |
| 11:03 | Create | Villager (Male) |
| 11:22 | Age | Feudal Age |
| 11:36 | Build | Stone Wall |
| 11:39 | Build | Gate |
| 11:40 | Build | Stone Wall |
| 11:46 | Build | Stone Wall |
| 11:47 | Build | Stone Wall |
| 11:57 | Build | Stone Wall |
| 12:02 | Create | Villager (Male) |
| 12:07 | Build | Blacksmith |
| 12:09 | Build | Market |
| 12:11 | Create | Villager (Male) |
| 12:16 | Build | Farm |
| 12:19 | Build | Farm |
| 12:49 | Build | Farm |
| 12:51 | Build | Farm |
| 12:53 | Create | Villager (Male) |
| 13:07 | Build | Stone Wall |
| 13:25 | Create | Villager (Male) |
| 14:08 | Create | Villager (Male) |
| 14:11 | Build | Farm |
| 14:11 | Build | Farm |
| 14:44 | Build | Barracks |
| 14:48 | Create | Villager (Male) |
| 14:57 | Create | Villager (Male) |
| 15:46 | Build | Archery Range |
| 15:51 | Create | Villager (Male) ×5 |
| 16:10 | Research | Castle Age |
| 16:10 | Research | Castle Age |
| 16:46 | Build | Mining Camp |
| 16:52 | Build | House |
| 16:55 | Build | House |
| 16:56 | Build | House |
| 16:58 | Build | House |
| 17:01 | Create | Villager (Male) ×3 |
| 17:10 | Research | Double-Bit Axe |
| 17:19 | Research | Horse Collar |
| 17:19 | Research | Horse Collar |
| 17:41 | Create | Villager (Male) |
| 18:04 | Build | House |
| 18:05 | Build | House |
| 18:11 | Create | Villager (Male) ×3 |
| 18:27 | Build | Farm |
| 18:29 | Build | Farm |
| 18:56 | Age | Castle Age |
| 18:58 | Create | Villager (Male) ×2 |
| 19:17 | Build | Town Center |
| 19:30 | Build | House |
| 19:32 | Build | House |
| 19:33 | Build | House |
| 19:34 | Build | House |
| 20:51 | Create | Villager (Male) ×5 |
| 20:54 | Build | Farm |
| 20:54 | Build | Farm |
| 20:54 | Build | Farm |
Build order — 马大帅
102 actions detected in the replay
| 0:02 | Create | Villager (Male) |
| 0:03 | Create | Villager (Male) |
| 0:03 | Create | Villager (Male) |
| 0:03 | Create | Villager (Male) |
| 0:03 | Create | Villager (Male) |
| 0:04 | Build | House |
| 0:06 | Build | House |
| 1:31 | Create | Villager (Male) |
| 1:32 | Create | Villager (Male) |
| 1:48 | Build | Lumber Camp |
| 1:57 | Create | Villager (Male) |
| 1:57 | Create | Villager (Male) |
| 2:28 | Create | Villager (Male) |
| 2:29 | Create | Villager (Male) |
| 2:57 | Create | Villager (Male) |
| 3:49 | Create | Villager (Male) |
| 3:49 | Create | Villager (Male) |
| 4:24 | Build | House |
| 4:29 | Research | Loom |
| 4:48 | Create | Villager (Male) |
| 5:30 | Create | Villager (Male) |
| 5:54 | Create | Villager (Male) |
| 6:31 | Create | Villager (Male) |
| 6:32 | Create | Villager (Male) |
| 6:38 | Build | Mill |
| 7:25 | Research | Feudal Age |
| 7:33 | Build | Mining Camp |
| 8:07 | Create | Villager (Male) |
| 8:07 | Create | Villager (Male) |
| 8:21 | Build | House |
| 9:01 | Build | Barracks |
| 9:35 | Age | Feudal Age |
| 9:42 | Create | Villager (Male) |
| 9:54 | Research | Double-Bit Axe |
| 9:56 | Research | Horse Collar |
| 10:07 | Research | Man-at-Arms (upgrade) |
| 10:10 | Build | House |
| 10:12 | Build | House |
| 10:35 | Create | Militia |
| 10:42 | Create | Militia |
| 10:47 | Create | Villager (Male) |
| 11:14 | Create | Villager (Male) |
| 11:33 | Create | Villager (Male) |
| 11:34 | Create | Militia |
| 11:35 | Create | Villager (Male) |
| 11:43 | Build | Farm |
| 11:46 | Build | Farm |
| 11:48 | Build | Farm |
| 11:59 | Create | Militia |
| 12:14 | Create | Villager (Male) |
| 12:18 | Build | Farm |
| 12:22 | Create | Militia |
| 12:28 | Build | Farm |
| 12:34 | Build | Farm |
| 12:46 | Create | Villager (Male) |
| 12:48 | Create | Militia |
| 12:54 | Research | Arson |
| 13:09 | Create | Villager (Male) |
| 13:18 | Build | House |
| 13:21 | Build | House |
| 13:37 | Build | House |
| 13:40 | Build | Blacksmith |
| 13:48 | Create | Villager (Male) |
| 13:48 | Create | Villager (Male) |
| 13:50 | Create | Militia |
| 14:04 | Create | Militia |
| 14:17 | Build | Farm |
| 14:20 | Build | Farm |
| 14:24 | Create | Villager (Male) |
| 14:27 | Build | House |
| 14:37 | Create | Villager (Male) |
| 14:47 | Research | Forging |
| 15:12 | Build | Farm |
| 15:18 | Build | Farm |
| 15:24 | Build | Farm |
| 15:52 | Create | Villager (Male) |
| 15:54 | Create | Villager (Male) |
| 15:57 | Create | Villager (Male) |
| 16:01 | Build | Farm |
| 16:01 | Build | Farm |
| 16:02 | Build | Farm |
| 16:02 | Build | Farm |
| 16:39 | Create | Villager (Male) |
| 16:42 | Build | Farm |
| 16:45 | Build | Farm |
| 16:47 | Build | Farm |
| 17:41 | Create | Villager (Male) |
| 17:41 | Create | Villager (Male) |
| 17:42 | Create | Villager (Male) |
| 17:47 | Build | Farm |
| 17:52 | Build | Market |
| 18:10 | Research | Scale Barding Armor |
| 18:12 | Build | House |
| 18:13 | Build | House |
| 18:14 | Build | House |
| 18:17 | Create | Villager (Male) |
| 19:10 | Create | Villager (Male) |
| 19:20 | Build | Farm |
| 19:22 | Build | Farm |
| 19:57 | Create | Villager (Male) |
| 20:03 | Research | Castle Age |
| 20:14 | Research | Gold Mining |
Match timeline
| 3:53 | aWin · wall_segment Palisade Wall x8 |
| 3:59 | aWin · wall_segment Palisade Wall x3 |
| 4:03 | 墨o逍遙 · wall_segment Palisade Wall x1 |
| 5:37 | 墨o逍遙 · wall_segment Palisade Wall x1 |
| 6:03 | 墨o逍遙 · wall_segment Palisade Wall x1 |
| 6:57 | 墨o逍遙 · first_building Barracks |
| 7:38 | aWin · first_building Barracks |
| 7:39 | aWin · wall_segment Palisade Wall x1 |
| 8:08 | 折鸿梦影 · first_building Barracks |
| 8:34 | YELLOW · first_building Barracks |
| 8:43 | 墨o逍遙 · wall_segment Palisade Wall x14 |
| 8:52 | 折鸿梦影 · age_up feudal |
| 9:01 | 马大帅 · first_building Barracks |
| 9:18 | YELLOW · age_up feudal |
| 9:23 | 折鸿梦影 · first_building Stable |
| 9:30 | aWin · wall_segment Palisade Wall x11 |
| 9:30 | YELLOW · first_building Archery Range |
| 9:35 | 马大帅 · age_up feudal |
| 10:41 | aWin · age_up feudal |
| 11:02 | 945100118 · age_up feudal |
| 11:06 | kiddingfff · age_up feudal |
| 11:22 | 久久 · age_up feudal |
| 11:36 | 久久 · wall_segment Stone Wall x11 |
| 11:40 | 墨o逍遙 · age_up feudal |
| 11:40 | 久久 · wall_segment Stone Wall x4 |
| 11:46 | 久久 · wall_segment Stone Wall x18 |
| 11:47 | 久久 · wall_segment Stone Wall x6 |
| 11:53 | 墨o逍遙 · first_building Stable |
| 11:57 | 945100118 · first_market_sell 100 stone |
| 11:57 | 久久 · wall_segment Stone Wall x7 |
| 12:01 | aWin · first_building Archery Range |
| 12:05 | YELLOW · wall_segment Palisade Wall x1 |
| 13:02 | 久久 · first_market_buy 100 stone |
| 13:07 | 久久 · wall_segment Stone Wall x5 |
| 13:32 | 945100118 · wall_segment Palisade Wall x9 |
| 13:54 | aWin · wall_segment Stone Wall x9 |
| 13:54 | aWin · wall_segment Stone Wall x1 |
| 14:08 | 945100118 · wall_segment Palisade Wall x1 |
| 14:33 | aWin · wall_segment Stone Wall x5 |
| 14:35 | aWin · wall_segment Stone Wall x4 |
| 14:40 | aWin · wall_segment Stone Wall x11 |
| 14:44 | 久久 · first_building Barracks |
| 14:47 | 945100118 · wall_segment Palisade Wall x8 |
| 14:50 | 945100118 · wall_segment Palisade Wall x7 |
| 15:01 | 945100118 · age_up castle |
| 15:25 | kiddingfff · age_up castle |
| 15:46 | 久久 · first_building Archery Range |
| 15:53 | 墨o逍遙 · wall_segment Stone Wall x3 |
| 16:31 | kiddingfff · first_building Barracks |
| 17:13 | 墨o逍遙 · wall_segment Stone Wall x1 |
| 18:11 | 墨o逍遙 · wall_segment Stone Wall x10 |
| 18:17 | YELLOW · wall_segment Palisade Wall x5 |
| 18:22 | kiddingfff · first_building Archery Range |
| 18:56 | 久久 · age_up castle |
| 19:05 | 折鸿梦影 · age_up castle |
| 19:54 | YELLOW · resign |
[ AI ANALYSIS · 1 CREDIT ]
What really happened in this match?
Wolo.gg analyzes every decision: build order, eco, micro, common mistakes by bracket. Personalized analysis on WhatsApp or Discord in 30 seconds.
Civ guide
Berbers
Perfil
Jugador #9704298